 Dungeon Crawl Stone Soup version 0.25.1-8-g42b30a86e7 (webtiles) character file.

Game seed: 9967537669489402486

51 HAL the Grave Robber (level 3, -1/27 HPs)
             Began as a Minotaur Necromancer on Dec 10, 2020.
             Slain by an adder (4 damage)
             ... on level 2 of the Dungeon.
             The game lasted 00:09:31 (1531 turns).

HAL the Grave Robber (Minotaur Necromancer)         Turns: 1531, Time: 00:09:32

Health: -1/27      AC:  2    Str: 12    XL:     3   Next: 57%
Magic:  3/4        EV: 12    Int: 13    God:
Gold:   65         SH:  0    Dex: 10    Spells: 4/5 levels left

rFire    . . .     SeeInvis .   i - +1 short sword (elec)
rCold    . . .     Gourm    .   (no shield)
rNeg     . . .     Faith    .   a - +0 robe
rPois    .         Spirit   .   (helmet restricted)
rElec    .         Reflect  .   (no cloak)
rCorr    .         Harm     .   (no gloves)
MR       .....                  (no boots)
Stlth    ++........             e - amulet of magic regeneration
HPRegen  0.09/turn              (no ring)
MPRegen  0.34/turn              (no ring)

@: lethally poisoned (-1 -> -6)
A: retaliatory headbutt, horns 2
a: no special abilities


You were on level 2 of the Dungeon.
You were not hungry.

You visited 1 branch of the dungeon, and saw 2 of its levels.

You collected 65 gold pieces.

Inventory:

Hand Weapons
 g - a +0 dagger
 i - a +1 short sword of electrocution (weapon)
Missiles
 h - 45 arrows
 l - 9 poisoned darts (quivered)
Armour
 a - a +0 robe (worn)
 b - a +0 scale mail
Jewellery
 e - an amulet of magic regeneration (around neck)
 m - an uncursed amulet of reflection
Scrolls
 f - a scroll of teleportation
Potions
 d - 2 potions of brilliance {unknown}
 k - a potion of magic {unknown}
 n - a potion of invisibility {unknown}
 o - a potion of curing {unknown}
Comestibles
 c - a ration
 j - 6 chunks of flesh


   Skills:
 * Level 0.8 Fighting
 * Level 0.5 Short Blades
 * Level 0.1 Throwing
 + Level 2.3 Dodging
 * Level 1.7 Stealth
 + Level 0.2 Unarmed Combat
 * Level 1.8 Spellcasting
 * Level 3.4 Necromancy


You had 4 spell levels left.
You knew the following spells:

 Your Spells              Type           Power        Failure   Level  Hunger
a - Pain                  Necr           ##..         6%          1    ##.....

Your spell library contained the following spells:

 Spells                   Type           Power        Failure   Level  Hunger
 Animate Skeleton         Necr           N/A          6%          1    ##.....
 Vampiric Draining        Necr           ##........   19%         3    ####...
 Animate Dead             Necr           N/A          52%         4    #####..
 Agony                    Necr           ##......     86%         5    ######.


Dungeon Overview and Level Annotations

Branches:
Dungeon (2/15)

Altars:


Innate Abilities, Weirdness & Mutations

You reflexively headbutt those who attack you in melee.
You have a pair of horns on your head.


Message History

You feel sick. The adder bites you.
Unknown command.
Casting: Pain (safe; 6% risk of failure)
Confirm with . or Enter, or press ? or * to list all spells.
Aiming: Pain (safe; 6% risk of failure)
Press: ? - help, Shift-Dir - straight line, f/p - adder
Aim: an adder (moderately wounded, chance to defeat MR: 71%)
The adder writhes in agony.
You feel sick. The adder bites you.
* * * LOW HITPOINT WARNING * * *
You are lethally poisoned!
The adder poisons you!
You barely miss the adder.
The adder is heavily wounded.
The adder barely misses you.
You closely miss the adder. Your headbutt misses the adder.
The adder is heavily wounded.
* * * LOW HITPOINT WARNING * * *
You feel sick. The adder closely misses you. The adder bites you.
You die...

.# ####..##. #....... #
#####.#../. .. #.(...#..##>.!
#.#.#.#.......
##############.............
#.........<.##@S≈...(.≈....
#.###÷#.###.##.≈≈≈≈!..≈≈...
###.###.#.......≈≈≈≈≈.≈≈≈≈...
........#..##.##≈≈≈≈≈≈≈≈≈≈≈..
..#.##..#..##.##.≈≈≈≈≈≈≈≈≈≈..
.....#........##..≈≈§≈≈≈≈≈§≈.
...÷.......#####...§≈§≈≈§≈≈§≈
.....####### #....≈§≈≈≈≈≈≈≈
..#.## #.....≈≈≈≈≈≈..


You could see an adder.

Vanquished Creatures
  A worm (D:2)
  2 dart slugs
  2 leopard geckos (D:2)
  A giant cockroach (D:1)
  4 goblins
  4 hobgoblins
  7 jackals
  3 kobolds
  5 bats
  5 frilled lizards
  5 rats
39 creatures vanquished.

Vanquished Creatures (others)
  A rat (D:2)
1 creature vanquished.

Grand Total: 40 creatures vanquished

Notes
Turn   | Place    | Note
-------+----------+-------------------------------------------
     0 | D:1      | HAL the Minotaur Necromancer began the quest for the Orb.
     0 | D:1      | Reached XP level 1. HP: 14/14 MP: 1/1
    54 | D:1      | Reached skill level 3 in Necromancy
   184 | D:1      | Reached XP level 2. HP: 13/20 MP: 3/3
  1048 | D:2      | Noticed an ogre
  1061 | D:2      | Reached XP level 3. HP: 23/26 MP: 0/4
  1531 | D:2      | Slain by an adder

Illustrated notes

Levels and vault maps discovered:
D:1:      wander_arrival_abandoned_jail, layout_basic, minmay_box_of_dots
D:2:      layout_loops_cross, minmay_misc_feat_doors, lemuel_old_faithful

Skill      XL: |  1 |
---------------+----+-----
Necromancy     | 3 |  3.4
Fighting       | |  0.8
Short Blades   | |  0.5
Throwing       | |  0.1
Dodging        | |  2.3
Stealth        | |  1.7
Unarmed Combat | |  0.2
Spellcasting   | |  1.8

Action                   || total
-------------------------++-------
Melee: Unarmed           ||    17
       Headbutt          ||     5
       Short sword       ||    35
Throw: Dart              ||     1
 Cast: Pain              ||    48
  Use: Scroll            ||     4
 Stab: Sleeping          ||     4
  Eat: Chunk             ||     3
Armor: Robe              ||     8
Dodge: Dodged            ||    36
